 Dungeon Crawl Stone Soup version 0.28-a0-1506-g3893175d92 (webtiles) character file.

Game seed: 5432529707980536049

47 riojii the Chopper (level 3, 26/34 HPs)
             Began as a Deep Dwarf Monk on Jan 13, 2022.
             Was a Believer of the Shining One.
             Quit the game on level 1 of the Dungeon.
             The game lasted 00:01:50 (809 turns).

riojii the Chopper (Deep Dwarf Monk)                 Turns: 809, Time: 00:01:50

Health: 26/34      AC:  5    Str: 16    XL:     3   Next: 48%
Magic:  1/1        EV: 12    Int: 10    God:    the Shining One [**....]
Gold:   37         SH:  0    Dex: 15    Spells: 2/2 levels left

rFire   . . .      SeeInvis .   a - +0 hand axe
rCold   . . .      Faith    .   (no shield)
rNeg    + . .      Spirit   .   d - +0 ring mail
rPois   .          Reflect  .   (no helmet)
rElec   .          Harm     .   (no cloak)
rCorr   .          Rampage  .   (no gloves)
Will    .....                   (no boots)
Stlth   +.........              (no amulet)
HPRegen 0.00/turn               (no ring)
MPRegen 0.07/turn               (no ring)

@: glowing
A: damage resistance, heal wounds, sense surroundings 1, no regeneration
a: Heal Wounds, Renounce Religion, Divine Shield


You were on level 1 of the Dungeon.
You worshipped the Shining One.
The Shining One was pleased with you.
You visited 1 branch of the dungeon, and saw 2 of its levels.

You collected 37 gold pieces.

Inventory:

Hand Weapons
 a - a +0 hand axe (weapon)
Armour
 d - a +0 ring mail (worn)
Scrolls
 b - a scroll of summoning {unknown}
 c - a scroll of noise {unknown}
Potions
 e - a potion of berserk rage {unknown}
 f - a potion of resistance {unknown}


   Skills:
 + Level 3.1 Fighting
 + Level 3.7 Axes
 + Level 1.6 Armour
 + Level 3.7 Dodging
 - Level 2.4 Stealth


You had 2 spell levels left.
You didn't know any spells.
Your spell library contained the following spells:

 Spells                   Type           Power      Damage    Failure   Level
 Slow                     Hex            0%         N/A       56%         1
 Confusing Touch          Hex            0%         N/A       91%         3
 Vampiric Draining        Necr           0%         2d6       91%         3


Dungeon Overview and Level Annotations

Branches:
Dungeon (2/15)

Altars:
The Shining One


Innate Abilities, Weirdness & Mutations

You are resistant to damage.
You can heal yourself by infusing magical energy.
You passively map a small area around you.
You do not regenerate.


Message History

You kill the rat!
No target in view!
No target in view!
No target in view!
No target in view!
No target in view!
No target in view!
No target in view!
No target in view!
An endoplasm comes into view.
Found a faded altar of an unknown god.
The endoplasm quivers.
The endoplasm hits you.
You hit the endoplasm.
The endoplasm is almost dead.
The endoplasm barely misses you.
You hit the endoplasm.
You kill the endoplasm!
No target in view!
No target in view!
No target in view!
No target in view!
No target in view!
No target in view!
No target in view!
No target in view!
No target in view!
No target in view!
No target in view!
No target in view!
No target in view!
No target in view!
No target in view!
There is a faded altar of an unknown god here.
You cannot tell which god this altar belongs to.
Convert to them anyway?
The Shining One accepts your prayer! The Shining One welcomes you!
You and your allies can now gain power from killing the unholy and evil.
You can now call upon the Shining One for a divine shield.
Are you sure you want to abandon this character and quit the game? (Confirm with "yes".)

,#.....###(..##
# #..##.# ##.##
# # #.....# #.#
# #.#.#.#.# #.#
## #.......#
#+# #.
####.#### ##
###.## * #
##....# , #
*#...@§# , ,
#### #....§..+
+... #......##
, , ###
#.#.#### , , #
#.## * , * # *
, * , * * * * *
* *


There were no monsters in sight!

Vanquished Creatures
  2 worms (D:2)
  2 dart slugs (D:1)
  4 endoplasms
  A giant cockroach (D:2)
  3 goblins (D:1)
  7 hobgoblins
  3 quokkas
  A ball python (D:2)
  6 bats
  A frilled lizard (D:1)
  2 kobolds (D:1)
  4 rats
36 creatures vanquished.

Notes
Turn   | Place    | Note
-------+----------+-------------------------------------------
     0 | D:1      | riojii the Deep Dwarf Monk began the quest for the Orb.
     0 | D:1      | Reached XP level 1. HP: 20/20 MP: 1/1
    95 | D:1      | You fall into a shaft and drop 1 floor!
   106 | D:2      | Reached XP level 2. HP: 22/27 MP: 2/2
   119 | D:2      | Reached skill level 1 in Armour
   376 | D:1      | Reached XP level 3. HP: 27/34 MP: 1/1
   799 | D:1      | Found a faded altar of an unknown god.
   808 | D:1      | Prayed at the altar of an unknown god.
   808 | D:1      | Became a worshipper of the Shining One
   808 | D:1      | Reached * piety under the Shining One
   808 | D:1      | Reached ** piety under the Shining One
   809 | D:1      | Quit the game

Illustrated notes

Levels and vault maps discovered:
D:1:      nzn_arrival_depleted_hourglass, layout_loops_corners,
          ebering_ecumenical_altar_mist
D:2:      layout_basic, eino_tiny_chamber, minmay_randomly_rotated_circles

Skill      XL: |  1  2 |
---------------+-------+-----
Armour         | 1 |  1.6
Fighting       | 3 |  3.1
Axes           | |  3.7
Dodging        | |  3.7
Stealth        | |  2.4

Action                   || total
-------------------------++-------
Melee: Hand axe          ||   110
 Abil: Heal Wounds       ||     3
 Stab: Sleeping          ||     6
Armor: Robe              ||    12
       Ring mail         ||     3
Dodge: Dodged            ||    94

Table legend: (Time is in decaauts)
 A = Elapsed time spent in this place.
 B = Non-inter-level travel time spent in this place.
 C = Inter-level travel time spent in this place.
 D = Time resting spent in this place.
 E = Time spent auto-exploring this place.
 F = Levels seen in this place.
 G = Mean time per level.
                   A        B        C        D        E       F      G
               +--------+--------+--------+--------+--------+-----+--------+
         Total |    823 |    819 |      4 |      0 |    555 |   2 |  411.5 |
       Dungeon |    823 |    819 |      4 |      0 |    555 |   2 |  411.5 |
               +--------+--------+--------+--------+--------+-----+--------+

Top non-repeatable levels by time:
     D:1: 730 daAuts
     D:2: 93 daAuts
